 Dungeon Crawl Stone Soup version 0.27-a0-32-g443bf2d2ca (webtiles) character file.

Game seed: 10740291155263842824

10 Descartes the Sneak (level 2, 0/14 HPs)
             Began as a Felid Delver on Jan 4, 2021.
             Succumbed to a worker ant's poison
             ... on level 4 of the Dungeon.
             The game lasted 00:00:48 (198 turns).

Descartes the Sneak (Felid Delver)                   Turns: 198, Time: 00:00:49

Health: 0/14       AC:  1    Str:  8    XL:     2   Next: 10%
Magic:  3/3        EV: 18    Int: 11    God:
Gold:   0          SH:  0    Dex: 17    Spells: 1/1 levels left
                                        Lives:  0   Deaths: 0

rFire    . . .     SeeInvis +     - Unarmed
rCold    . . .     Faith    .   (shield unavailable)
rNeg     . . .     Spirit   .   (armour unavailable)
rPois    .         Reflect  .   (helmet unavailable)
rElec    .         Harm     .   (cloak unavailable)
rCorr    .         Rampage  .   (gloves unavailable)
Will     .....                  (boots unavailable)
Stlth    ++++......             (no amulet)
HPRegen  0.04/turn              (no ring)
MPRegen  0.08/turn              (no ring)

@: lethally poisoned (0 -> -8), quick
A: very small, no armour, no weapons or thrown items, stealth, claws 1, fangs 3,
see invisible, speed 1, shaggy fur 1, sharp paws
a: no special abilities


You were on level 4 of the Dungeon.
You visited 1 branch of the dungeon, and saw 2 of its levels.

Inventory:

Wands
 e - a wand of digging (3)
Scrolls
 a - a scroll of fog
 b - a scroll of magic mapping
 c - a scroll of fear
 f - a scroll of blinking {unknown}
Potions
 d - a potion of haste


   Skills:
 - Level 3.0 Fighting
 + Level 3.0 Dodging
 * Level 7.0 Stealth
 + Level 2.2 Unarmed Combat


You had one spell level left.
You didn't know any spells.
Your spell library was empty.

Dungeon Overview and Level Annotations

Branches:
Dungeon (5/15)
 Temple: D:4-7

Altars:

Shops:
D:5 =


Innate Abilities, Weirdness & Mutations

You cannot wear armour.
You are incapable of wielding weapons or throwing items.
Your paws allow you to move quietly. (Stealth)
You have sharp claws.
You have razor-sharp teeth.
You have supernaturally acute eyesight. (SInv)
You cover ground quickly.
You are covered in fur. (AC +1)
Your sharp claws are effective at attacking unaware monsters.


Message History

You scratch the worker ant.
The worker ant is moderately wounded.
The worker ant bites you.
You are lethally poisoned!
The worker ant poisons you!
You scratch the worker ant.
You bite the worker ant, but do no damage.
The worker ant is heavily wounded.
You feel sick. The worker ant completely misses you.
You closely miss the worker ant.
You bite the worker ant, but do no damage.
The worker ant is heavily wounded.
You feel sick. The worker ant bites you.
* * * LOW HITPOINT WARNING * * *
You scratch the worker ant.
The worker ant is severely wounded.
The worker ant closely misses you.
You scratch the worker ant but do no damage.
The worker ant is severely wounded.
You die...

#####..... ..........
..........
..######.....
#............
####...##### ######
####......#
#....######.........#
#....lhB@......##.###
#.....###...##....#
#..............####
#.....[..#....#####
.....l......###
#..........##
......$....#
........$...
.#####.#.....


You could see a howler monkey, a worker ant and a frilled lizard.

Vanquished Creatures
  An adder (D:4)
  A frilled lizard (D:4)
2 creatures vanquished.

Notes
Turn   | Place    | Note
-------+----------+-------------------------------------------
     0 | D:5      | Descartes the Felid Delver began the quest for the Orb.
     0 | D:5      | Reached XP level 1. HP: 10/10 MP: 2/2
     7 | D:5      | Found Qonteiry's Jewellery Shoppe.
    14 | D:5      | Noticed a scorpion
    32 | D:5      | Noticed an orc priest
    50 | D:4      | Reached skill level 7 in Stealth
    50 | D:4      | Reached XP level 2. HP: 10/14 MP: 3/3
   184 | D:4      | Noticed a howler monkey
   198 | D:4      | Succumbed to a worker ant's poison

Illustrated notes

Levels and vault maps discovered:
D:4:      layout_rooms, serial_shops, shop, uniq_pikel, uniq_menkaure,
          uniq_ijyb, uniq_crazy_yiuf_cottage
D:5:      layout_loops_cross, minmay_temple_entry_large_hall,
          cheibrodos_sewer_entry_drain, serial_shops, shop, kennysheep_mini,
          shop, nicolae_shop_temple_entry_statues_fountains,
          kennysheep_little_box, bloody_makhleb, uniq_eustachio

Skill      XL: |  1 |
---------------+----+-----
Dodging        | 3 |  3.0
Stealth        | 7 |  7.0
Fighting       | |  3.0
Unarmed Combat | |  2.2

Action                   || total
-------------------------++-------
Melee: Unarmed           ||    16
       Punch             ||     1
       Bite              ||     2
 Stab: Sleeping          ||     1
Dodge: Dodged            ||    11

Table legend: (Time is in decaauts)
 A = Elapsed time spent in this place.
 B = Non-inter-level travel time spent in this place.
 C = Inter-level travel time spent in this place.
 D = Time resting spent in this place.
 E = Time spent auto-exploring this place.
 F = Levels seen in this place.
 G = Mean time per level.
                   A        B        C        D        E       F      G
               +--------+--------+--------+--------+--------+-----+--------+
         Total |    180 |    180 |      0 |     94 |     36 |   2 |   90.0 |
       Dungeon |    180 |    180 |      0 |     94 |     36 |   2 |   90.0 |
               +--------+--------+--------+--------+--------+-----+--------+

Top non-repeatable levels by time:
     D:4: 151 daAuts
     D:5: 29 daAuts
